[Event "Titled Tuesday Blitz April 4 Late 2023"]
[White "Maksimovic, Bojan"]
[Black "Ozates, Tuna"]
[WhiteFideId "14408120"]
[BlackFideId "6354521"]
[WhiteElo "2468"]
[BlackElo "2151"]
[Result "1-0"]
[Round "03"]
[TimeControl "180+2"]
[Date "2023.04.04"]
[WhiteClock "0:00:05"]
[BlackClock "0:00:01"]

1. Nf3 c5 2. g3 Nc6 3. Bg2 e5 4. d3 g6 5. O-O Bg7 6. Nbd2 Nge7 7. e4 O-O 8. c3 d6 9. a3 a5 10. a4 h6 11. Nc4 Be6 12. Nfd2 f5 13. exf5 gxf5 14. f4 e4 15. dxe4 fxe4 16. Nxd6 Qxd6 17. Nxe4 Qxd1 18. Rxd1 Rad8 19. Be3 b6 20. h3 Bb3 21. Rxd8 Rxd8 22. Nd2 Bd5 23. Bxd5+ Nxd5 24. Kf2 Re8 25. Nc4 Re4 26. Rd1 Nxc3 27. bxc3 Rxc4 28. Rd6 Ne7 29. g4 Bxc3 30. f5 Bd4 31. Bxd4 Rxd4 32. Rxb6 Rxa4 33. Rxh6 c4 34. Re6 Kf7 35. Re5 Nc6 36. Rc5 Ne7 37. g5 Ra3 38. f6 Ng6 39. Rxc4 a4 40. Rc7+ Ke6 41. Rc6+ Kf5 42. f7 Nf8 43. g6 Ra2+ 44. Kg3 Ra3+ 45. Kh4 Rf3 46. g7 Rf4+ 47. Kg3 Ng6 48. f8=Q+ 1-0


[Site "https://www.chess.com"]

[Event "Titled Tuesday Blitz April 4 Late 2023"]
[White "cryptoguru02"]
[Black "Mammadov, Zaur"]
[BlackFideId "13401033"]
[WhiteElo "2603"]
[BlackElo "2441"]
[Result "0-1"]
[Round "03"]
[TimeControl "180+2"]
[Date "2023.04.04"]
[WhiteClock "0:00:02"]
[BlackClock "0:00:26"]

1. d4 d5 2. c4 dxc4 3. Nf3 Nf6 4. e3 e6 5. Bxc4 c5 6. O-O cxd4 7. exd4 Be7 8. Nc3 O-O 9. a3 Nc6 10. Bg5 b6 11. Re1 Bb7 12. Ba2 Rc8 13. Rc1 Qd6 14. d5 exd5 15. Nxd5 Rfd8 16. Nxe7+ Nxe7 17. Qxd6 Rxd6 18. Rxc8+ Nxc8 19. Ne5 Bd5 20. Bxd5 Rxd5 21. Bxf6 gxf6 22. Nc4 Kg7 23. Kf1 f5 24. f4 Rd4 25. Ne3 Rxf4+ 26. Ke2 Kg6 27. Rc1 Ne7 28. g3 Re4 29. Kf3 a5 30. h4 Kf6 31. Rc2 Re6 32. Ng2 Nc6 33. Rd2 Ne5+ 34. Kf2 Ng4+ 35. Kf3 a4 36. Nf4 Re3+ 37. Kg2 Rb3 38. Re2 Ne3+ 39. Kh3 Nc4 40. Rc2 Nxb2 41. Rc6+ Ke5 42. Rc7 Rxa3 43. Rxf7 Rb3 44. Ra7 a3 45. h5 b5 46. h6 Na4 47. Rxh7 a2 48. Re7+ Kd6 49. Re6+ Kd7 50. Re1 Rb1 0-1


[Site "https://www.chess.com"]

[Event "Titled Tuesday Blitz April 4 Late 2023"]
[White "Urazayev, Arystanbek"]
[Black "Di Berardino, Diego Rafael"]
[WhiteFideId "13709810"]
[BlackFideId "2105446"]
[WhiteElo "2449"]
[BlackElo "2432"]
[Result "1-0"]
[Round "03"]
[TimeControl "180+2"]
[Date "2023.04.04"]
[WhiteClock "0:01:19"]
[BlackClock "0:00:32"]

1. e4 Nf6 2. e5 Nd5 3. Nc3 Nxc3 4. dxc3 d6 5. Nf3 Nc6 6. Bb5 Bg4 7. h3 Bxf3 8. Qxf3 d5 9. Bg5 Qd7 10. O-O-O O-O-O 11. Qxf7 e6 12. Qxd7+ Rxd7 13. f4 Bc5 14. Rhe1 a6 15. Bd3 Bf2 16. Re2 h6 17. Bxh6 Bh4 18. Bg5 Bxg5 19. fxg5 Rh5 20. Bg6 Rxg5 21. Be8 Re7 22. Bxc6 bxc6 23. Rf1 Rg3 24. Kd2 Kd7 25. Rff2 c5 26. Re3 Rg5 27. g4 Kc6 28. Rf4 Rd7 29. h4 Rg6 30. g5 d4 31. cxd4 cxd4 32. Rg3 Kd5 33. h5 Kxe5 34. Rfg4 1-0


[Site "https://www.chess.com"]

[Event "Titled Tuesday Blitz April 4 Late 2023"]
[White "Timofeev, Artyom"]
[Black "Hirneise, Jens"]
[WhiteFideId "4140419"]
[BlackFideId "24614734"]
[WhiteElo "2586"]
[BlackElo "2345"]
[Result "1/2-1/2"]
[Round "03"]
[TimeControl "180+2"]
[Date "2023.04.04"]
[WhiteClock "0:00:15"]
[BlackClock "0:00:20"]

1. c4 e5 2. d3 Nc6 3. Nc3 Nf6 4. Nf3 Be7 5. g3 O-O 6. Bg2 d6 7. O-O h6 8. b3 Be6 9. h3 d5 10. cxd5 Nxd5 11. Bb2 Nxc3 12. Bxc3 f6 13. Kh2 Qd7 14. Nd2 Rad8 15. a3 b6 16. b4 Nd4 17. Rc1 c5 18. Ne4 cxb4 19. Bxb4 Rc8 20. e3 Nb3 21. Rb1 Nc5 22. Nxc5 Bxc5 23. Bxc5 Rxc5 24. d4 exd4 25. exd4 Ra5 26. Qd3 Rd8 27. Rfd1 Bd5 28. Rbc1 Bxg2 29. Kxg2 Rd5 30. Qb3 Kh8 31. Rc4 b5 32. Rcc1 a6 33. Qf3 Rxd4 34. Rxd4 Qxd4 35. Rc6 a5 36. Ra6 a4 37. h4 Qd5 38. Qxd5 Rxd5 39. Rb6 h5 40. Rb7 Kh7 41. f3 Kg6 42. g4 hxg4 43. fxg4 Rd2+ 44. Kg3 Rd3+ 45. Kf4 Rb3 46. h5+ Kh6 47. Rb8 Kh7 48. Kf5 b4 49. axb4 a3 50. Ra8 Rxb4 51. Rxa3 Rb5+ 52. Kf4 Rb4+ 53. Kg3 Rb5 54. Kh4 Rc5 55. Ra7 Rb5 56. Rc7 Rd5 57. Kg3 Rb5 58. Kf4 Rb4+ 59. Kg3 Rb5 60. Kh4 Ra5 61. Rb7 Rc5 62. Ra7 Rb5 63. Rc7 1/2-1/2


[Site "https://www.chess.com"]

[Event "Titled Tuesday Blitz April 4 Late 2023"]
[White "Bellahcene, Bilel"]
[Black "Gokerkan, Cem Kaan"]
[WhiteFideId "696358"]
[BlackFideId "6336760"]
[WhiteElo "2566"]
[BlackElo "2365"]
[Result "1-0"]
[Round "03"]
[TimeControl "180+2"]
[Date "2023.04.04"]
[WhiteClock "0:00:59"]
[BlackClock "0:00:52"]

1. e4 e5 2. Nf3 Nf6 3. Nxe5 d5 4. exd5 Qxd5 5. d4 Nc6 6. Nf3 Bg4 7. Be2 O-O-O 8. c3 Bd6 9. Nbd2 Rhe8 10. h3 Qh5 11. Kf1 Nd5 12. Nc4 Bf4 13. Kg1 Bxf3 14. Bxf3 Qg5 15. h4 Qe7 16. Bxf4 Nxf4 17. Bxc6 bxc6 18. Qg4+ Ne6 19. Ne5 Kb7 20. Rh3 f6 21. Nd3 c5 22. Re3 cxd4 23. Rxe6 1-0


[Site "https://www.chess.com"]

[Event "Titled Tuesday Blitz April 4 Late 2023"]
[White "Pichot, Alan"]
[Black "Jimenez Jimenez, Leandro"]
[WhiteFideId "110973"]
[BlackFideId "6415253"]
[WhiteElo "2573"]
[BlackElo "2263"]
[Result "1-0"]
[Round "03"]
[TimeControl "180+2"]
[Date "2023.04.04"]
[WhiteClock "0:00:46"]
[BlackClock "0:00:16"]

1. e4 e5 2. Nf3 Nc6 3. Bc4 Bc5 4. c3 Nf6 5. d3 d6 6. O-O a6 7. h3 h6 8. Re1 Ba7 9. a4 Qe7 10. Be3 Be6 11. Nbd2 g5 12. Bxa7 Nxa7 13. d4 Bxc4 14. Nxc4 Nc6 15. b4 O-O 16. b5 axb5 17. axb5 Na7 18. b6 Nb5 19. Qb3 c6 20. Rxa8 Rxa8 21. dxe5 dxe5 22. Nfxe5 Qc5 23. Nf3 Re8 24. e5 Nd5 25. Ncd2 Nbxc3 26. Nc4 Nb5 27. Qd3 Nf4 28. Qd7 Re7 29. Qd8+ Kg7 30. Nd6 Nd3 31. Nf5+ Kh7 32. Qxd3 1-0


[Site "https://www.chess.com"]

[Event "Titled Tuesday Blitz April 4 Late 2023"]
[White "Sargsyan, Shant"]
[Black "Rios Escobar, Adan"]
[WhiteFideId "13306766"]
[BlackFideId "3403645"]
[WhiteElo "2628"]
[BlackElo "2464"]
[Result "1-0"]
[Round "03"]
[TimeControl "180+2"]
[Date "2023.04.04"]
[WhiteClock "0:02:17"]
[BlackClock "0:00:20"]

1. b3 c5 2. Bb2 d6 3. g3 e5 4. c4 Nc6 5. Bg2 g6 6. e3 Bg7 7. Ne2 Nge7 8. O-O O-O 9. Nbc3 a6 10. d3 Rb8 11. a4 Be6 12. Nd5 Bxd5 13. cxd5 Nb4 14. Nc3 b6 15. e4 h5 16. h4 Bh6 17. Ne2 Kg7 18. f4 f6 19. Bh3 Qc7 20. Be6 Qb7 21. Kh2 a5 22. f5 gxf5 23. Bxf5 Nxf5 24. Rxf5 Qf7 25. Nc3 Qg6 26. Ba3 Rg8 27. Bxb4 axb4 28. Nb5 Kh7 29. Qf3 Rbf8 30. Rf1 Rg7 31. Nxd6 Rfg8 32. Rxh5 Qxg3+ 33. Qxg3 Rxg3 34. Rxh6+ 1-0


[Site "https://www.chess.com"]

[Event "Titled Tuesday Blitz April 4 Late 2023"]
[White "Krallis, Christos"]
[Black "Xiong, Jeffery"]
[WhiteFideId "4298896"]
[BlackFideId "2047640"]
[WhiteElo "2243"]
[BlackElo "2726"]
[Result "1-0"]
[Round "03"]
[TimeControl "180+2"]
[Date "2023.04.04"]
[WhiteClock "0:00:12"]
[BlackClock "0:00:56"]

1. d4 d5 2. c4 e6 3. Nf3 dxc4 4. Nc3 Nf6 5. e3 a6 6. a4 c5 7. Bxc4 Nc6 8. O-O Be7 9. Qe2 O-O 10. Rd1 Qc7 11. dxc5 Bxc5 12. b3 b6 13. Bb2 Bb7 14. Rac1 Na5 15. Na2 Qe7 16. Nd2 Nxc4 17. Nxc4 Bd5 18. b4 Bxb4 19. Nxb6 Bxa2 20. Bxf6 Qxf6 21. Qxa2 Rab8 22. Nd7 Qe7 23. Nxf8 Qxf8 24. Qc4 a5 25. g3 g6 26. Kg2 Qe8 27. Qc6 Qf8 28. h4 h5 29. Rd7 Ba3 30. Rc2 Qb4 31. Qf3 Rf8 32. Rcc7 Qg4 33. Rxf7 Qxf3+ 34. Rxf3 Rb8 35. Rff7 Bb2 36. Rb7 Rc8 37. Rfc7 Rxc7 38. Rxc7 Ba3 39. Rb7 Bb4 40. f4 Kf8 41. e4 Ke8 42. g4 Kd8 43. f5 exf5 44. exf5 gxf5 45. gxh5 Kc8 46. Rg7 1-0


[Site "https://www.chess.com"]

[Event "Titled Tuesday Blitz April 4 Late 2023"]
[White "Babazada, Khazar"]
[Black "EREBUNI91"]
[WhiteFideId "13413554"]
[WhiteElo "2351"]
[BlackElo "2646"]
[Result "0-1"]
[Round "03"]
[TimeControl "180+2"]
[Date "2023.04.04"]
[WhiteClock "0:00:37"]
[BlackClock "0:00:09"]

1. e4 c6 2. d4 d5 3. Nc3 dxe4 4. Nxe4 Nf6 5. Nxf6+ exf6 6. c3 Bd6 7. Bd3 O-O 8. Qc2 Re8+ 9. Ne2 h5 10. Be3 Na6 11. O-O-O Nc7 12. c4 b5 13. d5 bxc4 14. Bh7+ Kh8 15. dxc6 Qe7 16. Ng3 Rb8 17. Rhe1 Be5 18. Bd4 Bf4+ 19. Kb1 Qxe1 20. Bc3 Qe7 21. Bf5 Be5 22. Qe2 Bxf5+ 23. Nxf5 Qa3 24. Rd7 g6 25. Nh6 Bxc3 26. Nxf7+ Kg8 27. Nh6+ Kh8 28. Nf7+ Kg7 29. Ne5+ Kg8 30. Qxc4+ Re6 31. Rd8+ Rxd8 32. bxa3 Bxe5 33. f4 Rd4 34. Qc2 Rxf4 35. Qxg6+ Kf8 36. Qh6+ Ke7 37. Qh7+ Kd6 38. Qd7+ Kc5 39. Qd3 Rxc6 40. g3 Rd4 41. Qe3 Nd5 42. Qf3 Rc4 43. Qf2+ Kd6 44. Qe1 Rb6+ 0-1


[Site "https://www.chess.com"]

[Event "Titled Tuesday Blitz April 4 Late 2023"]
[White "Grigoriants, Sergey"]
[Black "Goroshkov, Maksym"]
[WhiteFideId "4130804"]
[BlackFideId "14142716"]
[WhiteElo "2502"]
[BlackElo "2322"]
[Result "1-0"]
[Round "03"]
[TimeControl "180+2"]
[Date "2023.04.04"]
[WhiteClock "0:00:22"]
[BlackClock "0:00:04"]

1. d4 Nf6 2. c4 e5 3. dxe5 Ng4 4. Nf3 Nc6 5. a3 Ngxe5 6. Nxe5 Nxe5 7. e3 d6 8. Nc3 Be6 9. b3 Be7 10. Bb2 Bf6 11. Be2 O-O 12. O-O Nd7 13. Qc2 Re8 14. Rfd1 Qe7 15. Rac1 Rad8 16. Nb5 Bxb2 17. Qxb2 Nf6 18. Bf3 c6 19. Nc3 Bg4 20. Bxg4 Nxg4 21. h3 Ne5 22. Rd4 Qf6 23. Rcd1 Qg6 24. Qe2 h6 25. Ne4 d5 26. Nc3 Qd6 27. b4 a5 28. cxd5 c5 29. Ne4 Qg6 30. bxc5 Nd7 31. Qg4 Qa6 32. Nd6 Re5 33. c6 bxc6 34. dxc6 Qxc6 35. Nxf7 Re7 36. Rd6 Qb7 37. Nxd8 Qb2 38. Rxd7 1-0


[Site "https://www.chess.com"]

[Event "Titled Tuesday Blitz April 4 Late 2023"]
[White "Mendez Fortes, Eduardo Jesus"]
[Black "Vakhlamov, Igor L."]
[WhiteFideId "3502376"]
[BlackFideId "24126748"]
[WhiteElo "2307"]
[BlackElo "2400"]
[Result "0-1"]
[Round "03"]
[TimeControl "180+2"]
[Date "2023.04.04"]
[WhiteClock "0:00:07"]
[BlackClock "0:00:11"]

1. e4 c5 2. Nf3 e6 3. d4 cxd4 4. Nxd4 Nf6 5. Nc3 Nc6 6. Ndb5 Bc5 7. Bf4 O-O 8. Bc7 Qe7 9. Bd6 Bxd6 10. Qxd6 Qd8 11. Nc7 Rb8 12. Be2 b5 13. e5 Ne8 14. Nxe8 Rxe8 15. O-O b4 16. Ne4 Bb7 17. Qc5 Ba8 18. Rfd1 Qe7 19. Nd6 Red8 20. Bf3 Qg5 21. Bxc6 Bxc6 22. g3 f6 23. f4 Qh5 24. Qe3 fxe5 25. fxe5 Rf8 26. Rf1 Qh3 27. Qe2 Qh6 28. Rae1 Qg5 29. Qe3 Rxf1+ 30. Kxf1 Rf8+ 31. Kg1 Qg4 32. Qe2 Qd4+ 33. Qe3 Qxb2 34. Rf1 Rxf1+ 35. Kxf1 Qb1+ 36. Ke2 Qxc2+ 37. Ke1 Qb1+ 38. Kd2 Qxa2+ 39. Kd1 Qa1+ 40. Ke2 Qb2+ 41. Kd1 Ba4+ 42. Ke1 Qc3+ 43. Qxc3 bxc3 44. Ne4 c2 45. Kd2 Kf7 46. Nc5 Bc6 47. Kxc2 Kg6 48. Kd2 Kf5 49. Nd3 Bb5 50. Nf4 Kxe5 51. Ke3 d5 52. Nh5 d4+ 53. Kd2 g5 54. Ng7 a5 55. Nh5 a4 56. g4 a3 57. Kc2 d3+ 58. Kd2 a2 0-1


[Site "https://www.chess.com"]

[Event "Titled Tuesday Blitz April 4 Late 2023"]
[White "Romanchuk, Viktor"]
[Black "Perez Ponsa, Federico"]
[WhiteFideId "14109271"]
[BlackFideId "117927"]
[WhiteElo "2242"]
[BlackElo "2590"]
[Result "1/2-1/2"]
[Round "03"]
[TimeControl "180+2"]
[Date "2023.04.04"]
[WhiteClock "0:00:40"]
[BlackClock "0:00:03"]

1. d4 Nf6 2. c4 e6 3. Nc3 d5 4. Nf3 c6 5. e3 Nbd7 6. Qc2 Bd6 7. b3 O-O 8. Bb2 b6 9. Be2 Bb7 10. O-O Re8 11. e4 dxe4 12. Nxe4 Nxe4 13. Qxe4 Qc7 14. Rad1 c5 15. Qh4 Be7 16. Qh3 Rad8 17. Ne5 cxd4 18. Nxd7 Rxd7 19. Rxd4 Rxd4 20. Bxd4 Rd8 21. Be3 h6 22. Bf3 Bxf3 23. Qxf3 Bc5 24. Rd1 Rxd1+ 25. Qxd1 Bxe3 26. fxe3 Qe5 27. Qd4 Qf5 28. Qd2 g5 29. h3 Kh7 30. b4 Qb1+ 31. Kh2 Kg6 32. Qc3 Qe4 33. c5 bxc5 34. bxc5 Qc6 35. Qd3+ Kf6 36. Qd4+ Ke7 37. a4 Qc7+ 38. Kg1 h5 39. c6 Qxc6 40. Qxa7+ Kf6 41. Qd4+ Kg6 42. Qd3+ f5 43. Qa3 Qa6 44. a5 g4 45. hxg4 hxg4 46. Kf2 Qc4 47. a6 Qc2+ 48. Kg3 Qc7+ 49. Kf2 Qc2+ 50. Kg3 Qc7+ 51. Kf2 Qc2+ 1/2-1/2


[Site "https://www.chess.com"]

[Event "Titled Tuesday Blitz April 4 Late 2023"]
[White "Klenburg, Michael"]
[Black "Szpar, Milosz"]
[WhiteFideId "14102072"]
[BlackFideId "1184989"]
[WhiteElo "2396"]
[BlackElo "2436"]
[Result "0-1"]
[Round "03"]
[TimeControl "180+2"]
[Date "2023.04.04"]
[WhiteClock "0:01:09"]
[BlackClock "0:01:53"]

1. g3 e5 2. Bg2 d5 3. d3 c6 4. Nf3 Bd6 5. O-O Nf6 6. c4 O-O 7. Nc3 h6 8. cxd5 cxd5 9. d4 e4 10. Ne5 Re8 11. b3 Bf5 12. Bb2 Nbd7 13. Nxd7 Qxd7 14. e3 Bh3 15. Qe2 h5 16. Rac1 a6 17. Na4 Qf5 18. Nc5 Re7 19. Rc2 h4 20. Rfc1 g6 21. Na4 Kg7 22. Nb6 Rh8 23. Qf1 Bxg2 24. Qxg2 hxg3 25. fxg3 Ng4 26. Nc8 Rxh2 27. Qxh2 Nxh2 28. Nxe7 Nf3+ 29. Kg2 Qg4 30. Nxd5 Qxg3+ 31. Kf1 Qg1+ 32. Ke2 Qg2+ 0-1


[Site "https://www.chess.com"]

[Event "Titled Tuesday Blitz April 4 Late 2023"]
[White "Leitao, Rafael"]
[Black "Zhang, Derek"]
[WhiteFideId "2101246"]
[BlackFideId "2087871"]
[WhiteElo "2609"]
[BlackElo "2087"]
[Result "1-0"]
[Round "03"]
[TimeControl "180+2"]
[Date "2023.04.04"]
[WhiteClock "0:01:42"]
[BlackClock "0:01:35"]

1. c4 d6 2. g3 e5 3. Bg2 f5 4. d4 e4 5. Nc3 Nf6 6. Bg5 c6 7. e3 h6 8. Bxf6 Qxf6 9. h4 g5 10. Qh5+ Qf7 11. hxg5 Qxh5 12. Rxh5 Be6 13. d5 Bf7 14. Rh1 Nd7 15. O-O-O Ne5 16. Bf1 a6 17. Kb1 b5 18. dxc6 bxc4 19. gxh6 Nxc6 20. g4 fxg4 21. Bg2 Rxh6 22. Rxh6 Bxh6 23. Rxd6 1-0


[Site "https://www.chess.com"]

[Event "Titled Tuesday Blitz April 4 Late 2023"]
[White "Gadimbayli, Abdulla"]
[Black "Meunier-Pion, Jean"]
[WhiteFideId "13404938"]
[BlackFideId "20685327"]
[WhiteElo "2390"]
[BlackElo "2124"]
[Result "1-0"]
[Round "03"]
[TimeControl "180+2"]
[Date "2023.04.04"]
[WhiteClock "0:01:17"]
[BlackClock "0:00:42"]

1. e4 c5 2. Nf3 d6 3. d4 cxd4 4. Nxd4 Nf6 5. Nc3 a6 6. g3 e5 7. Nf3 Be7 8. Bg2 O-O 9. O-O b5 10. a4 b4 11. Nd5 Nbd7 12. Nxb4 Rb8 13. Nc6 Qe8 14. Nxb8 Nxb8 15. Re1 Be6 16. b3 Qc6 17. Ba3 Rc8 18. c4 Nbd7 19. Qc2 a5 20. Qc3 Nc5 21. Nd2 Qb6 22. Rab1 Rb8 23. b4 Nxa4 24. Qc2 Qc6 25. b5 Qb6 26. Qxa4 Ng4 27. c5 dxc5 28. h3 Nxf2 29. Kxf2 c4+ 30. Kf1 c3 31. Bxe7 cxd2 32. Re2 Rc8 33. Rxd2 Qe3 34. Rbd1 h6 35. Rd8+ Rxd8 36. Rxd8+ Kh7 37. Qc2 Bb3 38. Rd3 Qa7 39. Qxb3 Qxe7 40. b6 Qc5 41. b7 a4 42. Qxa4 Qc1+ 43. Qd1 Qc7 44. Rb3 Qb8 45. Kg1 g6 46. Kh2 h5 47. Qd5 Kh6 48. Qc6 h4 49. gxh4 f5 50. Qc8 Qd6 51. Qh8# 1-0


[Site "https://www.chess.com"]

[Event "Titled Tuesday Blitz April 4 Late 2023"]
[White "Kovalevsky, Stanislav"]
[Black "Lamard, Guillaume"]
[WhiteFideId "13508598"]
[BlackFideId "600261"]
[WhiteElo "2174"]
[BlackElo "2413"]
[Result "0-1"]
[Round "03"]
[TimeControl "180+2"]
[Date "2023.04.04"]
[WhiteClock "0:00:10"]
[BlackClock "0:00:28"]

1. c4 Nf6 2. Nc3 g6 3. g3 Bg7 4. Bg2 c6 5. e4 d6 6. b4 a5 7. b5 O-O 8. Bb2 e5 9. Nge2 Be6 10. d3 Nbd7 11. O-O Nc5 12. Rb1 Qd7 13. Ba3 Bh3 14. Na4 Nxa4 15. Qxa4 c5 16. f4 exf4 17. Rxf4 Bxg2 18. Kxg2 Ng4 19. Bb2 Bxb2 20. Rxb2 Ne5 21. Qd1 f5 22. Nc3 fxe4 23. Nxe4 Kg7 24. Rbf2 Qe7 25. d4 Nxc4 26. Qd3 Rxf4 27. Rxf4 d5 28. Nxc5 Re8 29. Qf3 b6 30. Nd3 Qe2+ 31. Qxe2 Rxe2+ 32. Rf2 Re4 33. Rf4 Re3 34. Rf3 Re4 35. Rf4 Re7 36. Kf2 Nd6 37. h4 Nxb5 38. h5 Nc3 39. Ne5 Ne4+ 40. Kg2 b5 41. hxg6 hxg6 42. Rg4 g5 43. Nf3 Kg6 44. Nh4+ Kh5 45. Kh3 Nf2+ 46. Kg2 Nxg4 47. Nf5 Re2+ 48. Kh3 Rh2# 0-1


[Site "https://www.chess.com"]

[Event "Titled Tuesday Blitz April 4 Late 2023"]
[White "Silva, Caio Henrique Angelico"]
[Black "Schmakel, Sam"]
[WhiteFideId "22777210"]
[BlackFideId "2039311"]
[WhiteElo "2096"]
[BlackElo "2356"]
[Result "0-1"]
[Round "03"]
[TimeControl "180+2"]
[Date "2023.04.04"]
[WhiteClock "0:00:09"]
[BlackClock "0:00:06"]

1. Nf3 d5 2. g3 Nd7 3. d4 Nb6 4. Bg2 Bf5 5. O-O e6 6. Nbd2 h6 7. b3 Nf6 8. Bb2 Be7 9. c4 c6 10. a4 a5 11. Re1 Bh7 12. c5 Nbd7 13. Bc3 b6 14. cxb6 Qxb6 15. Rc1 O-O 16. e3 Rab8 17. Qe2 c5 18. Red1 Rfc8 19. Bf1 cxd4 20. Nxd4 Nc5 21. Qb5 Qxb5 22. Nxb5 Nd3 23. Bxd3 Bxd3 24. Bxa5 Rxc1 25. Rxc1 Bxb5 26. axb5 Rxb5 27. Rc8+ Kh7 28. Bc3 Bb4 29. Bxb4 Rxb4 30. Rc7 Kg6 31. Nf3 Re4 32. Rb7 Ne8 33. Nh4+ Kf6 34. Rb6 Ke7 35. Nf3 Nd6 36. Nd4 e5 37. Ne2 d4 38. b4 dxe3 39. Nc3 e2 40. Nxe2 Rxe2 41. Rb8 Rb2 42. Kf1 Ne4 43. f3 Nd6 44. h4 f5 45. h5 e4 46. fxe4 fxe4 47. g4 e3 48. Ke1 Nc4 49. Rb7+ Kf6 50. b5 Ne5 51. Rb6+ Kg5 52. Rb8 Nd3+ 0-1


[Site "https://www.chess.com"]

[Event "Titled Tuesday Blitz April 4 Late 2023"]
[White "mjelcic"]
[Black "Dubov, Daniil"]
[BlackFideId "24126055"]
[WhiteElo "2229"]
[BlackElo "2802"]
[Result "0-1"]
[Round "03"]
[TimeControl "180+2"]
[Date "2023.04.04"]
[WhiteClock "0:00:33"]
[BlackClock "0:01:35"]

1. e4 c5 2. c3 e6 3. d4 d5 4. e5 Nc6 5. Nf3 Bd7 6. Be2 Nge7 7. O-O Ng6 8. Be3 Be7 9. dxc5 O-O 10. Nbd2 Ncxe5 11. Nxe5 Nxe5 12. f4 Ng6 13. Bd4 Rc8 14. b4 b6 15. cxb6 axb6 16. a4 Bf6 17. Nb3 Rxc3 18. Bxc3 Bxc3 19. Rc1 Bxb4 20. Nd4 Qf6 21. Nb5 Nxf4 22. Kh1 Qg5 23. Bf3 Bc5 24. Qd2 h6 25. a5 Bxb5 0-1


[Site "https://www.chess.com"]

[Event "Titled Tuesday Blitz April 4 Late 2023"]
[White "Koc, Przemyslaw"]
[Black "Andreikin, Dmitry"]
[WhiteFideId "1109081"]
[BlackFideId "4158814"]
[WhiteElo "2161"]
[BlackElo "2736"]
[Result "0-1"]
[Round "03"]
[TimeControl "180+2"]
[Date "2023.04.04"]
[WhiteClock "0:00:06"]
[BlackClock "0:00:08"]

1. Nf3 Nf6 2. d4 e6 3. Bg5 h6 4. Bh4 d6 5. Nbd2 g5 6. Bg3 Nh5 7. e4 Bg7 8. c3 Nd7 9. Bd3 b6 10. Qe2 a6 11. O-O-O Bb7 12. Rhe1 Qe7 13. Kb1 b5 14. e5 d5 15. b4 a5 16. a3 axb4 17. axb4 Nb6 18. Nb3 Nc4 19. Nc5 Ra3 20. Bxc4 bxc4 21. Kb2 Ra7 22. Ra1 Rxa1 23. Rxa1 Bc8 24. Ra8 O-O 25. Nd2 Nxg3 26. hxg3 f6 27. f4 fxe5 28. fxe5 Bd7 29. Rxf8+ Bxf8 30. Qh5 Be8 31. Qg4 Bf7 32. Nf3 Qe8 33. Qh3 Kg7 34. g4 Bg6 35. Qh1 Qf7 36. Qa1 Be4 37. Qa7 Kg6 38. Qb8 Bxc5 39. dxc5 h5 40. gxh5+ Kxh5 41. Qh8+ Kg4 42. Qf6 Qg8 43. b5 Kh5 44. b6 cxb6 45. cxb6 Bxf3 46. Qxf3+ g4 47. Qf6 Qe8 48. Kc1 Qa4 49. Qxe6 Qa1+ 50. Kc2 Qa2+ 51. Kc1 Qa3+ 52. Kc2 Qb3+ 53. Kd2 Qb2+ 54. Ke1 Qxc3+ 55. Kf1 Qd3+ 56. Kg1 Qe3+ 57. Kh2 Qf4+ 58. Kg1 c3 59. Qe8+ Kg5 60. Qg8+ Kf5 61. Qf7+ Ke4 62. Qxf4+ Kxf4 63. b7 c2 64. b8=Q c1=Q+ 65. Kf2 Qd2+ 66. Kf1 Qd1+ 67. Kf2 g3# 0-1


[Site "https://www.chess.com"]

[Event "Titled Tuesday Blitz April 4 Late 2023"]
[White "Przybylski, Wojciech"]
[Black "Paravyan, David"]
[WhiteFideId "1117599"]
[BlackFideId "4194985"]
[WhiteElo "2222"]
[BlackElo "2563"]
[Result "0-1"]
[Round "03"]
[TimeControl "180+2"]
[Date "2023.04.04"]
[WhiteClock "0:00:03"]
[BlackClock "0:00:37"]

1. e4 e5 2. Nf3 Nf6 3. Nxe5 d6 4. Nf3 Nxe4 5. d4 d5 6. Bd3 Bd6 7. O-O O-O 8. c4 c6 9. cxd5 cxd5 10. Nc3 Nxc3 11. bxc3 Bg4 12. h3 Bh5 13. Rb1 Nd7 14. Rxb7 Nb6 15. Ba6 Qe8 16. Re1 Bxf3 17. gxf3 Qc6 18. Qb3 Rae8 19. Rxe8 Rxe8 20. Be3 Bb8 21. Bb5 Qxb7 22. Bxe8 Qc8 23. Qb5 Qxh3 24. Qc6 Bh2+ 25. Kh1 Bf4+ 26. Kg1 Bxe3 27. fxe3 Qg3+ 28. Kf1 Qxf3+ 29. Ke1 Qxe3+ 30. Kd1 Nc4 31. Kc2 Qd2+ 32. Kb3 Qb2+ 33. Ka4 Qa3+ 34. Kb5 Qa5# 0-1


[Site "https://www.chess.com"]

[Event "Titled Tuesday Blitz April 4 Late 2023"]
[White "Pires, Marcos Vinicius Torsani"]
[Black "Hakobyan, Aram"]
[WhiteFideId "2118939"]
[BlackFideId "13306677"]
[WhiteElo "2273"]
[BlackElo "2584"]
[Result "0-1"]
[Round "03"]
[TimeControl "180+2"]
[Date "2023.04.04"]
[WhiteClock "0:00:11"]
[BlackClock "0:01:33"]

1. d4 Nf6 2. Bf4 d5 3. e3 c5 4. c3 Nc6 5. Nd2 Bf5 6. Qb3 Qc8 7. Ngf3 e6 8. Nh4 Be4 9. f3 Bg6 10. Nxg6 hxg6 11. Bg3 Be7 12. Be2 c4 13. Qc2 b5 14. e4 Nh5 15. Bf2 Nf4 16. Bf1 a5 17. Be3 Bg5 18. Bxf4 Bxf4 19. O-O-O b4 20. exd5 exd5 21. Re1+ Kf8 22. h3 a4 23. a3 bxa3 24. bxa3 Na5 25. Kb2 Rb8+ 26. Ka2 Nb3 27. Nb1 Qf5 28. Qxf5 gxf5 29. Be2 Rh6 30. Bd1 Nc1+ 31. Ka1 Rhb6 32. Bc2 Nb3+ 33. Ka2 Nd2 34. Nxd2 Rb2+ 35. Ka1 Bxd2 36. Rb1 Bxc3 37. Rxb2 Rxb2 38. Bxa4 Rb4+ 39. Ka2 Rxa4 0-1


[Site "https://www.chess.com"]

[Event "Titled Tuesday Blitz April 4 Late 2023"]
[White "Bortnyk, Olexandr"]
[Black "Papayan, Oleg"]
[WhiteFideId "14120828"]
[BlackFideId "4193911"]
[WhiteElo "2734"]
[BlackElo "2153"]
[Result "1-0"]
[Round "03"]
[TimeControl "180+2"]
[Date "2023.04.04"]
[WhiteClock "0:01:50"]
[BlackClock "0:00:02"]

1. d4 Nf6 2. Nc3 d5 3. Bf4 c5 4. e4 Nxe4 5. Nxe4 dxe4 6. dxc5 Qxd1+ 7. Rxd1 Nc6 8. Be3 e5 9. f3 exf3 10. Nxf3 Bf5 11. c3 f6 12. Bc4 Rd8 13. Rxd8+ Kxd8 14. O-O Bg6 15. Nh4 Kc7 16. b4 a6 17. Nxg6 hxg6 18. Bf7 g5 19. Rd1 Be7 20. Be6 Rd8 21. Rxd8 Nxd8 22. Bf5 Kc6 23. Kf2 Kd5 24. Kf3 Kc4 25. Bd2 a5 26. Be4 Nc6 27. a3 axb4 28. axb4 Na7 29. Bxb7 Nb5 30. Ba6 f5 31. c6 e4+ 32. Ke2 1-0


[Site "https://www.chess.com"]

[Event "Titled Tuesday Blitz April 4 Late 2023"]
[White "Kramnik, Vladimir"]
[Black "Shapiro, Viktor"]
[WhiteFideId "4101588"]
[BlackFideId "4175700"]
[WhiteElo "2712"]
[BlackElo "2152"]
[Result "1-0"]
[Round "03"]
[TimeControl "180+2"]
[Date "2023.04.04"]
[WhiteClock "0:01:01"]
[BlackClock "0:00:11"]

1. d4 Nf6 2. Nf3 c5 3. d5 e6 4. Nc3 a6 5. e4 d6 6. a4 exd5 7. exd5 g6 8. Bc4 Bg7 9. Qe2+ Kf8 10. O-O Bg4 11. h3 Bxf3 12. Qxf3 Nbd7 13. Bf4 Ne8 14. Rae1 Ne5 15. Qe2 Kg8 16. Ne4 h6 17. Bxe5 Bxe5 18. c3 Bg7 19. f4 f5 20. Nf2 Kh7 21. Qf3 Nf6 22. Re6 b5 23. axb5 axb5 24. Bxb5 Rb8 25. c4 Rf8 26. Rfe1 Rf7 27. b3 Nh5 28. g3 Bd4 29. Kg2 Ra8 30. Be8 Rg7 31. Bxg6+ Rxg6 32. Qxh5 Qg8 33. Qxf5 Ra2 34. R1e2 Rxe2 35. Rxe2 Kh8 36. Ng4 Qg7 37. Re8+ Kh7 38. Qe4 h5 39. f5 Rg5 40. f6+ Qg6 41. Qe7+ 1-0


[Site "https://www.chess.com"]